 Dungeon Crawl Stone Soup version 0.22-a0-542-gce4f928 (webtiles) character file.

119980 emperorscorpion the Warrior (level 16, 154/160 HPs)
             Began as a Centaur Berserker on June 24, 2018.
             Was a High Priest of Trog.
             Quit the game on level 3 of the Spider Nest.
             The game lasted 01:14:11 (31577 turns).

emperorscorpion the Warrior (Centaur Berserker)    Turns: 31577, Time: 01:14:12

Health: 154/160    AC: 19    Str: 22    XL:     16   Next: 29%
Magic:  17/17      EV: 11    Int:  9    God:    Trog [*****.]
Gold:   1651       SH:  4    Dex: 14    Spells: 15/15 levels left

rFire    + + .     SeeInvis .   a - +9 fustibalus (flame)
rCold    . . .     Gourm    .   (no shield)
rNeg     . . .     Faith    +   n - +1 chain mail "Uzxiqoel" {rElec rF+ Int+3}
rPois    .         Spirit   .   h - +2 hat {MR+}
rElec    +         Reflect  .   i - +0 cloak
rCorr    .         Harm     .   B - +1 pair of gloves
MR       ++...                  (no barding)
Stlth    ..........             Z - amulet of faith
HPRegen  0.36/turn              U - ring of protection from fire
MPRegen  0.15/turn              z - +3 ring of evasion

@: very quick
A: large, hooves 3, horns 1, large bone plates 1, thin metallic scales 1,
deformed body, speed 2, tough skin 3, evolution 1
a: Berserk, Trog's Hand, Brothers in Arms, Renounce Religion


You were on level 3 of the Spider Nest.
You worshipped Trog.
Trog was extremely pleased with you.
You were hungry.

You visited 4 branches of the dungeon, and saw 25 of its levels.
You also visited: Sewer, Bailey and Volcano.

You collected 2611 gold pieces.
You spent 960 gold pieces at shops.

Inventory:

Hand Weapons
 a - a +9 fustibalus of flaming (weapon)
 b - a +1 falchion of freezing
 H - a +0 fustibalus of velocity
 R - a +4 blowgun
Missiles
 e - 2 javelins of returning
 E - 4 throwing nets
 I - 224 sling bullets (quivered)
 N - 5 poisoned javelins
 Q - 8 tomahawks of dispersal
 T - 7 curare-tipped needles
 Y - 108 stones
Armour
 h - a +2 hat of magic resistance (worn)
 i - a +0 cloak (worn)
 n - the +1 chain mail "Uzxiqoel" (worn) {rElec rF+ Int+3}
   (You found it on level 14 of the Dungeon)

   It affects your intelligence (+3).
   It protects you from fire.
   It insulates you from electricity.
 B - a +1 pair of gloves (worn)
Jewellery
 d - a +3 ring of protection
 f - an uncursed ring of protection from cold
 k - a cursed -2 ring of dexterity
 u - an uncursed ring of ice
 w - an uncursed ring of see invisible
 z - a +3 ring of evasion (right hand)
 D - an uncursed ring of resist corrosion
 U - a ring of protection from fire (left hand)
 Z - an amulet of faith (around neck)
Wands
 G - a wand of disintegration (34)
 K - a wand of random effects (49)
 L - a wand of acid (12)
 P - a wand of digging (17)
 V - a wand of clouds (5)
 W - a wand of iceblast (5)
Scrolls
 g - 12 scrolls of remove curse
 l - 2 scrolls of blinking
 o - 18 scrolls of teleportation
 p - a scroll of holy word
 y - 2 scrolls of fog
 F - 5 scrolls of immolation
 J - 2 scrolls of fear
 M - 2 scrolls of identify
 S - a scroll of magic mapping
Potions
 j - 12 potions of heal wounds
 m - 13 potions of curing
 q - 4 potions of agility
 r - 2 potions of resistance
 s - 7 potions of flight
 t - 8 potions of lignification
 v - 7 potions of might
 A - 4 potions of invisibility
 C - 4 potions of haste
 O - a potion of mutation
Miscellaneous
 x - a sack of spiders
 X - a lightning rod (4/4)
Comestibles
 c - 51 rations


   Skills:
 + Level 19.3 Fighting
 + Level 7.2 Long Blades
 - Level 13.5(14.0) Slings
 + Level 6.0(10.7) Throwing
 + Level 10.9 Armour
 + Level 4.7 Dodging
 + Level 2.3 Evocations


You had 15 spell levels left.
You didn't know any spells.
Your spell library contained the following spells:

 Spells                   Type           Power        Failure   Level  Hunger
 Cause Fear               Hex            #.........   100%        4    #####..
 Conjure Flame            Conj/Fire      #.......     100%        3    ####...
 Slow                     Hex            #.......     98%         2    ###....
 Confuse                  Hex            #.......     100%        3    ####...
 Throw Frost              Conj/Ice       #.....       98%         2    ###....
 Freezing Cloud           Conj/Ice/Air   #.........   100%        6    #######
 Mephitic Cloud           Conj/Pois/Air  #.......     100%        3    ####...
 Ring of Flames           Chrm/Fire      #.........   100%        7    #######
 Bolt of Draining         Conj/Necr      #.........   100%        5    ######.
 Freeze                   Ice            #...         93%         1    ##.....
 Summon Ice Beast         Ice/Summ       #.......     100%        4    #####..
 Ozocubu's Armour         Chrm/Ice       #.......     100%        3    ####...
 Dispel Undead            Necr           #.......     100%        5    ######.
 Regeneration             Chrm/Necr      #.........   100%        3    ####...
 Sublimation of Blood     Necr           #.........   98%         2    ###....
 Corpse Rot               Necr           N/A          98%         2    ###....
 Swiftness                Chrm/Air       #.......     98%         2    ###....
 Agony                    Necr           #.......     100%        5    ######.
 Statue Form              Tmut/Erth      #........    100%        6    #######
 Deflect Missiles         Chrm/Air       #.........   100%        6    #######
 Throw Icicle             Conj/Ice       #.......     100%        4    #####..
 Confusing Touch          Hex            #.....       93%         1    ##.....
 Ignite Poison            Fire/Tmut/Pois #.......     100%        3    ####...
 Sticks to Snakes         Tmut           #.......     98%         2    ###....
 Call Canine Familiar     Summ           #.......     100%        3    ####...
 Metabolic Englaciation   Hex/Ice        #.........   100%        5    ######.
 Summon Butterflies       Summ           #.......     93%         1    ##.....
 Corona                   Hex            #......      93%         1    ##.....
 Excruciating Wounds      Chrm/Necr      #.........   100%        5    ######.
 Portal Projectile        Hex/Tloc       #.....       100%        3    ####...
 Petrify                  Tmut/Erth      #.......     100%        4    #####..
 Leda's Liquefaction      Hex/Erth       #.........   100%        4    #####..
 Summon Hydra             Summ           #.........   100%        7    #######
 Inner Flame              Hex/Fire       #.......     100%        3    ####...
 Beastly Appendage        Tmut           #.....       93%         1    ##.....
 Infusion                 Chrm           #...         93%         1    ##.....
 Summon Mana Viper        Hex/Summ       #.......     100%        5    ######.
 Hydra Form               Tmut           #.........   100%        6    #######
 Gell's Gravitas          Tloc           #.........   100%        3    ####...
 Yara's Violent Unravell  Hex/Tmut       #.........   100%        5    ######.
 Poisonous Vapours        Pois/Air       #.....       98%         2    ###....


Dungeon Overview and Level Annotations

Branches:
Dungeon (15/15)            Temple (0/1) D:4            Lair (4/6) D:11
  Swamp (0/4) Lair:2       Spider (4/4) Lair:4          Orc (2/2) D:9
    Elf (0/3) Orc:2        Vaults (0/5) D:13         Depths (0/5) D:15

Altars:
Fedhas
Kikubaaqudgha
Sif Muna
Uskayaw
Vehumet
Xom
Yredelemnul
Zin
The Shining One
Beogh

Shops:
D:5 %   D:12 =   D:13 [   Orc:1 (   Orc:2 (*:


Innate Abilities, Weirdness & Mutations

You have hooves in place of feet.
Armour fits poorly on your strangely shaped body.
You cover ground very quickly.
You have extremely tough skin. (AC +3)
You have a pair of small horns on your head.
You are partially covered in large bone plates. (SH +4)
You are partially covered in thin metallic scales. (AC +2)
You evolve.


Message History

(U) Depths
Where to? (Enter - Spider:4, ? - help)
There is a stone staircase leading down, spattered with blood here.
You climb downwards.
The wolf spider hisses angrily. x2
The tarantella zombie bites you but does no damage.
The wolf spider hits you but does no damage.
The wolf spider barely misses you. The redback bites you.
There is a stone staircase leading up here.
The tarantella zombie bites you.
The hornet stings you but does no damage.
The wolf spider hits you but does no damage.
The wolf spider bites you but does no damage.
The redback completely misses you.
The tarantella zombie bites you but does no damage.
You climb upwards.
There is a stone staircase leading down, spattered with blood here.
Are you sure you want to abandon this character and quit the game? (Confirm with "yes".)
Okay, then.
Are you sure you want to abandon this character and quit the game? (Confirm with "yes".)

#.....^.......#...........#
#^..........!.#..#.....(..##
#..........................#
#.^..#..#....#......^#...#...
#.......................#...#
#........#...........^.......
#^.........>.............###.
#........#..s.........####
#...........@...)..#..#
#..........ys..#....<.#
#........#...........##
#..^....^............##
#........^...........^#
#.............^^#.....#
#.............#.^..#.##
#^....#....^..........# #
#.....^.^..#.....#....# #####


You could see a wolf spider, a hornet and a redback.

Vanquished Creatures
  Gastronok (Lair:1)
  Agnes (Spider:2)
  Frances (Spider:1)
  A tengu reaver (D:14)
  A ghost moth (Spider:3)
  A red draconian (Volcano)
  The ghost of Kite the Severer, a journeyman MiBe of Trog (D:12)
  The ghost of Cycubueb the Cleaver, a journeyman MiFi of Okawaru (Lair:2)
  Josephine (D:14)
  The ghost of Thaneod the Destroyer, a journeyman DEAE of Vehumet (D:14)
  Harold (Orc:1)
  A fire dragon (D:15)
  3 vault guards (D:13)
  An ice dragon (D:15)
  3 hydras
  6 centaur warriors
  3 ogre magi
  13 two-headed ogres
  A queen ant (Lair:3)
  2 orc high priests
  5 skeletal warriors (D:14)
  An unseen horror (D:10)
  2 wizards (D:13)
  A flayed ghost (D:14)
  4 orc knights
  2 necromancers (D:13)
  3 wolf spider zombies (D:15)
  8 wolf spiders
  4 orc sorcerers
  7 orb spiders
  3 manticores
  21 ugly things
  3 cyclopes
  2 black mambas
  A moth of wrath (Spider:3)
  A torpor snail (Spider:2)
  2 molten gargoyles (Volcano)
  5 spiny frogs
  2 gargoyles
  A redback zombie (D:13)
  3 komodo dragons
  A yaktaur (Volcano)
  5 kobold demonologists
  2 demonic crawlers (Spider:2)
  A rime drake (Lair:3)
  A harpy zombie (D:15)
  2 tengu conjurers
  4 meliai
  9 jumping spiders
  6 trolls
  A queen bee (Lair:4)
  A hornet (D:8)
  2 slime creatures
  7 hippogriffs
  28 redbacks
  2 shadows
  60 yaks
  8 tarantellas
  5 wraiths
  2 basilisks (Lair:2)
  A wyvern (D:12)
  2 fire bats (Volcano)
  18 humans (D:13)
  8 vampire mosquitoes
  A steam dragon (D:13)
  2 wargs (Orc:2)
  An acid dragon (D:10)
  21 soldier ants
  9 water moccasins
  Duvessa (D:5)
  7 porcupines
  A black bear (D:11)
  35 orc warriors
  4 sky beasts
  3 ice beasts
  2 phantoms
  12 wolves (Lair:3)
  12 ogres
  14 centaurs
  12 crocodiles
  9 big kobolds
  17 bullfrogs
  Blork the orc (D:5)
  A gnoll sergeant (D:6)
  A wyvern zombie (D:11)
  Dowan (D:5)
  3 scorpions
  2 oklob saplings (D:8)
  39 killer bees
  17 howler monkeys
  10 wights
  2 bullfrog zombies
  13 crimson imps
  5 lava snakes (Volcano)
  2 centaur zombies
  9 jellies
  A quasit (D:13)
  A gnoll shaman (D:7)
  7 hounds
  20 orc priests
  7 centaur skeletons
  A bullfrog skeleton (D:12)
  9 iguanas
  21 orc wizards
  28 worker ants
  A hound skeleton (D:10)
  A worker ant zombie (D:9)
  16 gnolls
  17 adders
  6 river rats
  7 shadow imps
  16 oozes (Lair:2)
  An adder zombie (D:9)
  6 worms
  7 leopard geckos
  64 orcs
  6 giant cockroaches
  5 goblins
  10 hobgoblins
  15 jackals
  71 kobolds
  7 quokkas
  13 ball pythons
  8 bats
  3 frilled lizards
  26 rats
  A fungus (Lair:2)
  3 plants (D:4)
975 creatures vanquished.

Vanquished Creatures (collateral kills)
  Saint Roka (Orc:1)
  Roxanne (D:15)
  A tengu warrior (D:13)
  A wolf spider (Spider:3)
  An orb spider (Spider:2)
  A torpor snail (Spider:2)
  A centaur skeleton (D:15)
  2 meliai (D:13)
  A tarantella (Spider:3)
  2 redbacks
  An acid dragon (D:15)
  2 bullfrogs
  A wight (D:15)
16 creatures vanquished.

Vanquished Creatures (others)
  A tarantella (Spider:4)
  A bush (D:8)
  6 fungi
  7 plants
15 creatures vanquished.

Grand Total: 1006 creatures vanquished

Notes
Turn   | Place    | Note
-------+----------+-------------------------------------------
     0 | D:1      | emperorscorpion the Centaur Berserker began the quest for the Orb.
     0 | D:1      | Reached XP level 1. HP: 19/19 MP: 1/1
   251 | D:1      | Reached XP level 2. HP: 25/26 MP: 2/2
   896 | D:2      | Reached XP level 3. HP: 31/31 MP: 3/3
  1027 | D:2      | Reached ** piety under Trog
  1638 | D:2      | Reached XP level 4. HP: 39/39 MP: 4/4
  2346 | D:3      | Found a deep blue altar of Sif Muna.
  2382 | D:3      | Reached skill level 1 in Throwing
  2478 | D:3      | Found a glowing drain.
  2482 | Sewer    | Entered a sewer
  2555 | Sewer    | Reached XP level 5. HP: 33/46 MP: 5/5
  2770 | Sewer    | Reached *** piety under Trog
  2849 | Sewer    | Reached skill level 4 in Fighting
  3346 | Sewer    | Reached XP level 6. HP: 52/52 MP: 6/6
  3817 | D:3      | Reached **** piety under Trog
  4524 | D:4      | Reached skill level 5 in Long Blades
  4524 | D:4      | Reached XP level 7. HP: 60/60 MP: 7/7
  4708 | D:4      | Found a staircase to the Ecumenical Temple.
  4778 | D:5      | Entered Level 5 of the Dungeon
  4953 | D:5      | Noticed Blork the orc
  4958 | D:5      | Killed Blork the orc
  4959 | D:5      | Reached ***** piety under Trog
  5171 | D:5      | Found Xyafuow's Food Shoppe.
  5181 | D:5      | Reached XP level 8. HP: 67/67 MP: 8/8
  5235 | D:5      | Noticed Duvessa
  5235 | D:5      | Noticed Dowan
  5246 | D:5      | Killed Duvessa
  5248 | D:5      | Killed Dowan
  5248 | D:5      | Reached skill level 5 in Fighting
  5258 | D:5      | Received a gift from Trog
  5276 | D:5      | HP: 2/68 [orc/enchanted hand axe (4)]
  5736 | D:6      | Reached skill level 1 in Slings
  6472 | D:6      | Reached XP level 9. HP: 68/74 MP: 9/9
  6606 | D:6      | Found a hide-covered altar of Uskayaw.
  7326 | D:7      | Reached skill level 5 in Slings
  7419 | D:7      | Identified Peuhu's Tome of Curses and Augmentations
  8294 | D:8      | Reached skill level 6 in Fighting
  8530 | D:8      | Found a glowing silver altar of Zin.
  8530 | D:8      | Noticed an angel
  8532 | D:8      | Found a shimmering altar of Xom.
  8966 | D:8      | Reached XP level 10. HP: 77/84 MP: 10/10
  9214 | D:8      | Found a faded altar of an unknown god.
  9214 | D:8      | Found an ancient bone altar of Kikubaaqudgha.
  9219 | D:8      | Found a basalt altar of Yredelemnul.
  9221 | D:8      | Found a glowing golden altar of the Shining One.
  9223 | D:8      | Found a radiant altar of Vehumet.
  9472 | D:8      | Found a blossoming altar of Fedhas.
  9643 | D:9      | Found a staircase to the Orcish Mines.
  9948 | D:9      | Noticed a two-headed ogre
  9959 | D:9      | Killed a two-headed ogre
  9959 | D:9      | Reached skill level 7 in Fighting
 10172 | D:9      | Found a flagged portal.
 10195 | Bailey   | Entered a bailey
 10560 | Bailey   | Reached skill level 10 in Slings
 11019 | Bailey   | Found a roughly hewn altar of Beogh.
 11019 | Bailey   | Noticed an orc knight
 11173 | Bailey   | Killed an orc knight
 11173 | Bailey   | Reached skill level 5 in Armour
 11272 | D:9      | Received a gift from Trog
 11623 | D:10     | Entered Level 10 of the Dungeon
 11786 | D:10     | Reached XP level 11. HP: 87/94 MP: 11/11
 11798 | D:10     | Reached skill level 8 in Fighting
 12132 | D:10     | Killed an unseen horror
 12467 | D:11     | Found a transporter.
 12467 | D:11     | Noticed a cyan ugly thing
 12656 | D:11     | Killed a cyan ugly thing
 12656 | D:11     | Received a gift from Trog
 12803 | D:11     | Noticed a purple ugly thing
 12843 | D:11     | Noticed a white ugly thing
 12851 | D:11     | Killed a purple ugly thing
 12863 | D:11     | Killed a white ugly thing
 12863 | D:11     | Reached skill level 5 in Throwing
 13206 | D:11     | Noticed a two-headed ogre
 13211 | D:11     | Killed a two-headed ogre
 13223 | D:11     | Received a gift from Trog
 13337 | D:11     | Found a transporter.
 13497 | D:11     | Noticed an orc high priest
 13526 | D:11     | Found a staircase to the Lair.
 13699 | D:11     | Reached skill level 9 in Fighting
 13707 | D:11     | Killed an orc high priest
 13820 | D:12     | Reached XP level 12. HP: 104/104 MP: 12/12
 13880 | D:12     | Found Cybec's Jewellery Emporium.
 13884 | D:12     | Bought an uncursed amulet of faith for 400 gold pieces
 14041 | D:12     | Noticed a two-headed ogre
 14076 | D:12     | Killed a two-headed ogre
 14249 | D:12     | Reached skill level 1 in Evocations
 14284 | D:12     | Reached skill level 10 in Fighting
 14692 | D:12     | Reached ****** piety under Trog
 14692 | D:12     | Received a gift from Trog
 14748 | D:12     | Found a runed gate.
 14748 | D:12     | Noticed Kite's ghost (journeyman MiBe)
 14750 | D:12     | Found a runed gate.
 14751 | D:12     | Found a runed gate.
 14990 | D:12     | Found a roughly hewn altar of Beogh.
 15096 | D:12     | Killed Kite's ghost
 15415 | D:13     | Noticed a centaur warrior
 15419 | D:13     | Killed a centaur warrior
 15486 | D:13     | Noticed a centaur warrior
 15497 | D:13     | Killed a centaur warrior
 15497 | D:13     | Reached skill level 11 in Fighting
 15885 | D:13     | Got a slimy war axe
 15886 | D:13     | Identified the cursed +1 war axe of Uskayaw's Condemnation {flame, rC+} (You found it on level 13 of the Dungeon)
 16083 | D:13     | Received a gift from Trog
 16100 | D:13     | Found a gate to the Vaults.
 16100 | D:13     | Noticed a vault guard
 16100 | D:13     | Noticed a vault guard
 16100 | D:13     | Noticed a vault guard
 16140 | D:13     | Killed a vault guard
 16140 | D:13     | Reached XP level 13. HP: 117/117 MP: 14/14
 16148 | D:13     | Reached skill level 12 in Fighting
 16503 | D:13     | Received a gift from Trog
 16999 | D:13     | Found Laoryz's Antique Armour Shop.
 17394 | D:13     | Received a gift from Trog
 17499 | D:14     | Reached skill level 13 in Fighting
 17918 | D:14     | Noticed Thaneod's ghost (journeyman DEAE)
 17919 | D:14     | Noticed a tengu reaver
 18013 | D:14     | Reached skill level 14 in Fighting
 18109 | D:14     | Found a runed gate.
 18109 | D:14     | Found a runed gate.
 18109 | D:14     | Found a runed gate.
 18488 | D:14     | Received a gift from Trog
 18510 | D:14     | Noticed Josephine
 18518 | D:14     | Killed Josephine
 18610 | D:14     | Got a transparent chain mail
 18621 | D:14     | Identified the cursed +1 chain mail "Uzxiqoel" {rElec rF+ Int+3} (You found it on level 14 of the Dungeon)
 18768 | D:14     | Found a glowing golden altar of the Shining One.
 18833 | D:14     | Received a gift from Trog
 18840 | D:14     | Reached XP level 14. HP: 133/133 MP: 15/15
 19060 | D:14     | Reached skill level 15 in Fighting
 19304 | D:14     | Killed a tengu reaver
 19490 | D:14     | Killed Thaneod's ghost
 19591 | D:15     | Entered Level 15 of the Dungeon
 19592 | D:15     | Noticed Roxanne
 19613 | D:15     | Killed Roxanne
 19842 | D:15     | Reached skill level 16 in Fighting
 19850 | D:15     | Received a gift from Trog
 20057 | D:15     | Identified Roxanne's Reference Book on Transmigration (You took it off Roxanne on level 15 of the Dungeon)
 20074 | D:15     | Received a gift from Trog
 21110 | D:15     | Found a staircase to the Depths.
 21427 | Orc:1    | Entered Level 1 of the Orcish Mines
 21523 | Orc:1    | Found Daashy's Antique Weapon Shoppe.
 21631 | Orc:1    | Noticed Harold
 21646 | Orc:1    | Killed Harold
 21956 | Orc:2    | Entered Level 2 of the Orcish Mines
 21956 | Orc:2    | Found a staircase to the Elven Halls.
 21974 | Orc:2    | Received a gift from Trog
 22122 | Orc:2    | Reached XP level 15. HP: 146/146 MP: 16/16
 22354 | Orc:2    | Noticed Saint Roka
 22364 | Orc:2    | Reached skill level 17 in Fighting
 22556 | Orc:2    | Received a gift from Trog
 22606 | Orc:2    | Received a gift from Trog
 22656 | Orc:1    | Killed Saint Roka
 22954 | Orc:2    | Found a roughly hewn altar of Beogh.
 22959 | Orc:2    | Found Roleroef's General Store.
 23043 | Orc:2    | Found Purohuvu's Book Boutique.
 23053 | Orc:2    | Found Qougrogu's Antique Armour Boutique.
 23063 | Orc:2    | Found Joutustra's Antique Weapon Boutique.
 23506 | Lair:1   | Entered Level 1 of the Lair of Beasts
 23589 | Lair:1   | Identified a scroll of acquirement
 23591 | Lair:1   | Gained mutation: You are partially covered in thin metallic scales. (AC +2) [potion of mutation]
 23591 | Lair:1   | Gained mutation: You evolve. [potion of mutation]
 23591 | Lair:1   | Gained mutation: You have a pair of small horns on your head. [potion of mutation]
 23591 | Lair:1   | Gained mutation: You are partially covered in large bone plates. (SH +4) [potion of mutation]
 23595 | Lair:1   | Got a fine hunting sling
 23596 | Lair:1   | Identified the +2 hunting sling "Ollaiw" {venom, +Fly rPois rC-} (You acquired it on level 1 of the Lair of Beasts)
 23918 | Lair:1   | Noticed Gastronok
 23929 | Lair:1   | Killed Gastronok
 24506 | Lair:2   | Reached skill level 10 in Armour
 24562 | Lair:2   | Found a runed door.
 24564 | Lair:2   | Noticed Cycubueb's ghost (journeyman MiFi)
 24659 | Lair:2   | Killed Cycubueb's ghost
 24911 | Lair:2   | Found a staircase to the Swamp.
 24996 | Lair:2   | Received a gift from Trog
 25781 | Lair:3   | Got a slimy hand axe
 25782 | Lair:3   | Identified the +4 hand axe "Vuidets" {antimagic, rPois rF+ Int-2 Stlth+} (You found it on level 3 of the Lair of Beasts)
 26036 | Lair:3   | Received a gift from Trog
 26139 | Lair:3   | Reached skill level 18 in Fighting
 26198 | Lair:3   | Received a gift from Trog
 26889 | Lair:4   | Received a gift from Trog
 27175 | Orc:2    | Bought a runed blowgun for 181 gold pieces
 27177 | Orc:2    | Bought a translucent glaive for 379 gold pieces
 27177 | Orc:2    | Identified the cursed +1 glaive of Prescription {venom, Dex+4} (You bought it in a shop on level 2 of the Orcish Mines)
 27586 | Lair:4   | Found a dark tunnel.
 27594 | Volcano  | Entered a volcano
 27884 | Volcano  | Found a radiant altar of Vehumet.
 29304 | Lair:4   | Found a hole to the Spider Nest.
 29322 | Spider:1 | Entered Level 1 of the Spider Nest
 29369 | Spider:1 | Noticed Frances
 29386 | Spider:1 | Killed Frances
 29444 | Spider:2 | Received a gift from Trog
 29493 | Spider:2 | Noticed Agnes
 29512 | Spider:2 | Reached XP level 16. HP: 138/159 MP: 17/17
 29521 | Spider:2 | Killed Agnes
 29716 | Spider:2 | Reached skill level 19 in Fighting
 30195 | Spider:3 | Received a gift from Trog
 30196 | Spider:3 | Found the +3 sling "Punk" {acid, rCorr}
 30692 | Spider:4 | Entered Level 4 of the Spider Nest
 31054 | Spider:3 | HP: 8/160 [wolf spider (14)]
 31079 | Spider:3 | HP: 8/160 [wolf spider (9)]
 31577 | Spider:3 | Quit the game

Vault maps used:
D:1:      sevenhm_arrival_forest_fort_small_6, st_stairs_7
D:3:      overflow_temple_1_default, gup_sewer_entry_spiral
D:4:      kennysheep_kobold_camp, lemuel_temple_firewalk_a
D:5:      cheibrodos_thug_alley, serial_shops, shop, first_ration,
          uniq_blork_the_orc, uniq_duvessa
D:6:      kennysheep_little_box
D:7:      grunt_ogre_cave
D:8:      grunt_temple_overflow_order_and_chaos_1,
          chequers_temple_overflow_minitemple, introduction_to_nature_2
D:9:      orc_0_dummy, enter_bailey_2, minmay_unpleasant_kobolds
D:11:     gammafunk_wand_slinger, lair_entry_dummy, lab_entry_generic
D:12:     biasface_ghost_orc_armoury, serial_shops, shop,
          kennysheep_generic_room_3
D:13:     grunt_vaults_entry_tiered, serial_shops, shop
D:14:     gammafunk_ghost_split, tso_altar, uniq_josephine
D:15:     grunt_enter_depths_hoard, kennysheep_pointless_box,
          corexii_checkpoint_b, uniq_roxanne
Lair:1:   minmay_stone_trees_small, lemuel_fruit_tree, uniq_gastronok
Lair:2:   lemuel_slime, minmay_swamp_entry_reptiles, gammafunk_ghost_grave
Lair:3:   beast_lair_carwin_large_1, minivault_29
Lair:4:   spider_nest_entry_funnel_web, special_room,
          nicolae_volcano_entry_lava_flow, small_statue_intersection,
          serial_bayou_pond_e
Spider:1: uniq_frances, uniq_donald
Spider:2: uniq_agnes
Spider:3: nicolae_orb_island, uniq_nikola, uniq_arachne
Spider:4: floodkiller_spider_rune_tomb
Orc:1:    serial_shops, shop, uniq_harold
Orc:2:    grunt_orc_cross
Sewer:    sewer_minmay_treatment
Bailey:   bailey_polearm_2, bailey
Volcano:  volcano_lake

Skill      XL: |  1  2  3  4  5  6  7  8  9 10 11 12 13 14 15 16 |
---------------+-------------------------------------------------+-----
Long Blades    | 3 4 5 6 7 |  7.2
Throwing       | 1 2 3 4 6 |  6.0
Armour         | 2 3 4 5 7 8 9 10 | 10.9
Fighting       | 4 5 6 7 9 11 14 16 18 19 | 19.3
Dodging        | 2 3 4 |  4.7
Slings         | 3 8 11 13 | 13.5
Evocations     | 2 |  2.3

Action                   |  1- 3 |  4- 6 |  7- 9 | 10-12 | 13-15 | 16-18 || total
-------------------------+-------+-------+-------+-------+-------+-------++-------
Melee: Falchion          |    92 |   282 |   187 |       |    12 |     6 ||   579
       Kick              |    26 |    78 |    50 |       |     8 |     5 ||   167
       Fustibalus        |       |       |     1 |     1 |     3 |       ||     5
       Headbutt          |       |       |       |       |       |     3 ||     3
 Fire: Fustibalus        |       |       |   272 |   751 |  1632 |   165 ||  2820
       Blowgun           |       |       |     1 |    23 |       |       ||    24
Throw: Javelin           |       |     4 |       |     8 |       |       ||    12
Invok: Berserk           |       |     6 |     4 |       |       |     1 ||    11
       Trog's Hand       |       |       |       |     3 |     7 |       ||    10
       Brothers in Arms  |       |       |       |       |     5 |     2 ||     7
Evoke: Wand              |       |       |       |     4 |     1 |     4 ||     9
  Use: Scroll            |     3 |     6 |     3 |    16 |    14 |       ||    42
       Potion            |       |       |     1 |       |     6 |     4 ||    11
  Eat: Chunk             |     1 |    14 |    15 |    18 |    31 |     3 ||    82
       Ration            |       |       |       |       |     2 |     1 ||     3
Armor: Animal skin       |    26 |       |       |       |       |       ||    26
       Scale mail        |    26 |   141 |   141 |    68 |       |       ||   376
       Plate armour      |       |       |       |    11 |    25 |       ||    36
       Chain mail        |       |       |       |       |   140 |    76 ||   216
Dodge: Dodged            |    39 |   131 |   172 |   107 |   162 |    50 ||   661
Block: Other             |       |       |       |       |    28 |    13 ||    41
       Rpst.: Falchion   |    14 |    46 |    18 |       |     3 |     1 ||    82

Table legend:
 A = Spawn XP
 B = Non-spawn XP
 C = Spawn XP percentage of total XP
 D = Spawn monster count
 E = Non-spawn monster count
 F = Spawn count percentage of total count
 G = Total turns spent on level
                    A         B        C        D         E        F      G
               +---------+---------+-------+---------+---------+-------+---------
         Total |       0 |  171401 |   0.0 |       0 |     987 |   0.0 | 31577
               +---------+---------+-------+---------+---------+-------+---------
           D:1 |       0 |      24 |   0.0 |       0 |      16 |   0.0 |   767
           D:2 |       0 |      76 |   0.0 |       0 |      19 |   0.0 |  1023
           D:3 |       0 |      90 |   0.0 |       0 |      27 |   0.0 |   945
           D:4 |       0 |     428 |   0.0 |       0 |      27 |   0.0 |   905
           D:5 |       0 |    1257 |   0.0 |       0 |      40 |   0.0 |  1077
           D:6 |       0 |     767 |   0.0 |       0 |      24 |   0.0 |  1106
           D:7 |       0 |    1023 |   0.0 |       0 |      21 |   0.0 |  1042
           D:8 |       0 |    2224 |   0.0 |       0 |      50 |   0.0 |  1444
           D:9 |       0 |    1632 |   0.0 |       0 |      31 |   0.0 |  1168
          D:10 |       0 |    3432 |   0.0 |       0 |      31 |   0.0 |   957
          D:11 |       0 |    8164 |   0.0 |       0 |      46 |   0.0 |  1343
          D:12 |       0 |    8292 |   0.0 |       0 |      51 |   0.0 |  1577
          D:13 |       0 |   18674 |   0.0 |       0 |      69 |   0.0 |  2173
          D:14 |       0 |   27096 |   0.0 |       0 |      69 |   0.0 |  2108
          D:15 |       0 |   23288 |   0.0 |       0 |      55 |   0.0 |  1726
        Lair:1 |       0 |    4500 |   0.0 |       0 |      13 |   0.0 |   949
        Lair:2 |       0 |    9651 |   0.0 |       0 |      60 |   0.0 |  1385
        Lair:3 |       0 |    8738 |   0.0 |       0 |      61 |   0.0 |  1208
        Lair:4 |       0 |    7873 |   0.0 |       0 |      45 |   0.0 |  1223
      Spider:1 |       0 |    3095 |   0.0 |       0 |       5 |   0.0 |   120
      Spider:2 |       0 |   11709 |   0.0 |       0 |      33 |   0.0 |   726
      Spider:3 |       0 |    9424 |   0.0 |       0 |      29 |   0.0 |  1359
      Spider:4 |       0 |     110 |   0.0 |       0 |       1 |   0.0 |    50
         Orc:1 |       0 |    5856 |   0.0 |       0 |      28 |   0.0 |   935
         Orc:2 |       0 |    7124 |   0.0 |       0 |      47 |   0.0 |  1145
         Sewer |       0 |     244 |   0.0 |       0 |      48 |   0.0 |  1252
        Bailey |       0 |    2243 |   0.0 |       0 |      26 |   0.0 |  1042
       Volcano |       0 |    4367 |   0.0 |       0 |      15 |   0.0 |   822
               +---------+---------+-------+---------+---------+-------+---------
